 Dungeon Crawl Stone Soup version 0.31-a0-204-g7da18cac08 (webtiles) character file.

Game seed: 17000216806072817143

4 qw the Shooter (level 1, -1/12 HPs)
             Began as a Deep Elf Hunter on June 27, 2023.
             Slain by a worm (3 damage)
             ... on level 1 of the Dungeon.
             The game lasted 00:00:02 (75 turns).

qw the Shooter (Deep Elf Hunter)                      Turns: 75, Time: 00:00:02

Health: -1/12      AC:  3    Str:  8    XL:     1   Next: 50%
Magic:  3/3        EV: 12    Int: 13    God:
Gold:   0          SH:  0    Dex: 18    Spells: 0/0 levels left

rFire   . . .        a - +0 shortbow
rCold   . . .        (shield currently unavailable)
rNeg    . . .        c - +0 leather armour
rPois   .            (no helmet)
rElec   .            (no cloak)
rCorr   .            (no gloves)
SInv    .            (no boots)
Will    .....        (no amulet)
Stlth   ++           (no ring)
HPRegen 0.22/turn    (no ring)
MPRegen 0.08/turn

%: no passive effects
@: no status effects
A: no striking features
a: no special abilities


You were on level 1 of the Dungeon.
You visited 1 branch of the dungeon, and saw 1 of its levels.


   Skills:
 - Level 1.5 Fighting
 + Level 5.6 Ranged Weapons
 - Level 2.4 Dodging
 - Level 1.2 Stealth


You couldn't memorise any spells.
You didn't know any spells.
Your spell library was empty.

Inventory:

Hand Weapons
 a - a +0 shortbow (weapon)
Armour
 c - a +0 leather armour (worn)
Scrolls
 b - a scroll of butterflies
 d - a scroll of identify {unknown}

Dungeon Overview and Level Annotations

Branches:
Dungeon (1/15)

Altars:


Message History

A worm comes into view.
Found a stone staircase leading down.
You shoot an arrow. The arrow hits the worm.
The worm is lightly wounded.
You hear a shout!
A goblin comes into view. It is wielding a +0 dagger.
You shoot an arrow. The arrow hits the goblin.
The goblin is moderately wounded.
A worm comes into view.
You shoot an arrow. The arrow hits the goblin.
The goblin is severely wounded.
A rat comes into view.
You shoot an arrow. The arrow closely misses the goblin.
The goblin hits you but does no damage.
You shoot an arrow. The arrow misses the goblin.
The goblin hits you with a +0 dagger.
You shoot an arrow. The arrow hits the goblin!
You kill the goblin!
You shoot an arrow. The arrow barely misses the worm.
The arrow hits the worm but does no damage.
You shoot an arrow. The arrow hits the worm.
The worm is lightly wounded.
You shoot an arrow.
The arrow hits the rat but does no damage.
The rat bites you.
You shoot an arrow. The arrow hits the worm.
The worm is moderately wounded.
The rat bites you but does no damage. The worm bites you!
Ouch! That really hurt!
The rat bites you but does no damage.
You shoot an arrow. The arrow hits the worm.
The worm is moderately wounded.
The rat bites you but does no damage.
You shoot an arrow. The arrow hits the worm!
The worm is severely wounded.
The worm closely misses you. The rat closely misses you.
You shoot an arrow. The arrow hits the worm!
You kill the worm!
The rat bites you but does no damage. The worm bites you.
You die...

#.........###..####
#.##'####.........+
#.# #.###..#### #.#
#.# ##..# #.# #.#
##.# #.# #.# ..#
#.# #.# #..#
#.####.## #...
#@....... ###
#%rw!....#
#........#
##..####.# !... #
..... ...^. ..>....


You could see a worm and a rat.

Vanquished Creatures
  A worm (D:1)
  A dart slug (D:1)
  A goblin (D:1)
3 creatures vanquished.

Notes
Turn   | Place    | Note
-------+----------+-------------------------------------------
     0 | D:1      | qw the Deep Elf Hunter began the quest for the Orb.
     0 | D:1      | Reached XP level 1. HP: 12/12 MP: 3/3
     0 | D:1      | 0 ||| qw: Version: 0.3-a-22-g0ed2b0b
     0 | D:1      | 0 ||| qw: Game counter: 6390
     0 | D:1      | 0 ||| qw: Melee chars always use a shield: true
     0 | D:1      | 0 ||| qw: God list: Okawaru
     0 | D:1      | 0 ||| qw: Allow faded altars: false
     0 | D:1      | 0 ||| qw: Do Orc after clearing Dungeon:15 true
     0 | D:1      | 0 ||| qw: Do second Lair branch before Depths: true
     0 | D:1      | 0 ||| qw: Lair rune preference: random
     0 | D:1      | 0 ||| qw: Goals: Normal
     0 | D:1      | 0 ||| PLANNING D:1-11
    72 | D:1      | HP: 1/12 [worm (9)]
    75 | D:1      | Slain by a worm

Levels and vault maps discovered:
D:1:      dpeg_arrival_radiant, layout_basic, nicolae_wormholes

Action                     || total
---------------------------++-------
   Fire: Shortbow          ||    15
 Armour: Leather armour    ||     5
  Dodge: Dodged            ||     3

Table legend:
 A = Non-vault XP
 B = Vault XP
 C = Vault XP percentage of total XP
 D = Non-vault monster count
 E = Vault monster count
 F = Vault count percentage of total count
                 A         B        C        D         E       F
            +---------+---------+-------+---------+---------+-------
      Total |       6 |       5 |  45.5 |       2 |       1 |  33.3
            +---------+---------+-------+---------+---------+-------
        D:1 |       6 |       5 |  45.5 |       2 |       1 |  33.3
            +---------+---------+-------+---------+---------+-------
